 Dungeon Crawl Stone Soup version 0.31-a0-996-g3b49de5 (webtiles) character file.

Game seed: 15588128956366559407

1887024 Unit the Impregnable (level 27, 250/273 HPs)
             Began as an Armataur Fighter on Nov 7, 2023.
             Was an Initiate of Gozag.
             Escaped with the Orb
             ... and 3 runes!
             The game lasted 01:33:19 (58102 turns).

Unit the Impregnable (Armataur Fighter)            Turns: 58102, Time: 01:33:19

Health: 250/273    AC: 50    Str: 34    XL:     27
Magic:  32/32      EV:  5    Int: 13    God:    Gozag
Gold:   1861       SH: 21    Dex: 11    Spells: 26/26 levels left

rFire   + .          .
                       - Unarmed
rCold   + . .        U - +5 kite shield {reflect}
rNeg    + + +        F - +2 plate armour {Will+}
rPois   +            D - -1 helmet "Nakhlul" {rElec}
rElec   +            L - +2 cloak {Will+}
rCorr   +            i - +1 pair of gloves of the Manifold Ziggurats {rElec rF+ Int+4}
SInv    +            a - +10 Black Knight's barding {ponderous, rPois rN+}
Will    ++++.        O - amulet of Royalty {Spirit Regen+} Stlth
                     N - ring of Ogyar {rN++ MP+9 Slay+5 SInv Stlth-}
HPRegen 1.45/turn    M - ring "Weassima" {rC+ rCorr Stlth+}
MPRegen 0.23/turn

%: reflection, clarity, guardian spirit, roll
@: studying Polearms, slow
A: large, rugged brown scales 3, deformed body, armoured tail, roll, long
tongue, awkward tongue, iridescent scales 1, clarity, subdued magic 1
0: Orb of Zot
}: 3/15 runes: decaying, serpentine, silver
a: Renounce Religion, Potion Petition, Call Merchant, Bribe Branch


You escaped.
You worshipped Gozag.
Gozag was most pleased with you.
You visited 10 branches of the dungeon, and saw 48 of its levels.
You visited 3 bazaars.
You visited 1 ziggurat, and saw 5 of its levels.
You also visited: Ossuary, Volcano, Wizlab and Desolation.

You collected 26179 gold pieces.
You spent 7364 gold pieces at shops.
You paid 16954 gold pieces to Gozag.

Inventory:

Missiles
 g - 74 poisoned darts
 k - 4 throwing nets
 n - 20 curare-tipped darts
Armour
 a - the +10 Black Knight's barding (worn) {ponderous, rPois rN+}
   (You found it in the Desolation of Salt)

   rPois:     It protects you from poison rN+: It protects you from negative
   energy.
 i - the +1 pair of gloves of the Manifold Ziggurats (worn) {rElec rF+ Int+4}
   (You found it on level 4 of the Realm of Zot)

   Int+4:     It affects your intelligence (+4).
   rF+:       It protects you from fire.
   rElec:     It insulates you from electricity.
 D - the -1 helmet "Nakhlul" (worn) {rElec}
   (You found it in the Desolation of Salt)

   rElec:     It insulates you from electricity.
 F - a +2 plate armour of willpower (worn)
 G - a +4 barding
 L - a +2 cloak of willpower (worn)
 U - a +5 kite shield of reflection (worn)
Jewellery
 c - a ring of protection from fire
 o - a ring of flight
 M - the ring "Weassima" (right hand) {rC+ rCorr Stlth+}
   (You found it on level 3 of the Elven Halls)

   [ring of resist corrosion]

   rC+:       It protects you from cold.
   rCorr:     It protects you from acid and corrosion.
   Stlth+:    It makes you more stealthy.
 N - the ring of Ogyar (left hand) {rN++ MP+9 Slay+5 SInv Stlth-}
   (You bought it in a shop on level 9 of the Dungeon)

   [ring of see invisible]

   Slay+5:    It affects your accuracy & damage with ranged weapons and melee
   (+5).
   rN++:      It greatly protects you from negative energy.
   MP+9:      It affects your magic capacity (+9).
   SInv:      It lets you see invisible.
   Stlth-:    It makes you less stealthy.
 O - the amulet of Royalty (around neck) {Spirit Regen+}
   (You found it in the Desolation of Salt)

   [amulet of guardian spirit]

   Spirit:    It causes incoming damage to be divided between your reserves of
   health and magic.
   Regen+:    It increases your rate of health regeneration.
Wands
 e - a wand of roots (23)
 h - a wand of acid (19)
 s - a wand of flame (23)
 R - a wand of mindburst (52)
 T - a wand of polymorph (20)
 W - a wand of charming (50)
Scrolls
 d - 7 scrolls of fog
 f - a scroll of silence
 l - 15 scrolls of noise
 v - 12 scrolls of teleportation
 x - 4 scrolls of immolation
 y - 4 scrolls of fear
 P - 8 scrolls of poison
 S - a scroll of butterflies
 Y - 6 scrolls of vulnerability
Potions
 b - 3 potions of magic
 j - 9 potions of mutation
 m - 4 potions of resistance (quivered)
 p - 7 potions of haste
 q - 4 potions of lignification
 u - 5 potions of heal wounds
 z - 5 potions of enlightenment
 A - 25 potions of curing
 B - 8 potions of attraction
 J - 7 potions of brilliance
 K - 5 potions of cancellation
 Q - 2 potions of berserk rage
 V - 10 potions of ambrosia
 X - 2 potions of invisibility
Miscellaneous
 r - a lightning rod (4/4)
 C - a phantom mirror
 Z - a condenser vane


   Skills:
 - Level 22.5 Fighting
 + Level 25.0 Armour
 + Level 23.7 Shields
 - Level 24.1 Unarmed Combat


You had 26 spell levels left.
You didn't know any spells.
Your spell library contained the following spells:

 Spells                   Type           Power      Damage    Failure   Level
 Freeze                   Ice            0%         1d3       61%         1
 Magic Dart               Conj           0%         1d3       61%         1
 Sandblast                Erth           0%         2d4       61%         1
 Shock                    Conj/Air       0%         1d3       61%         1
 Sting                    Tmut/Pois      0%         1d3       61%         1
 Summon Small Mammal      Summ           0%         N/A       61%         1
 Blink                    Tloc           0%         N/A       77%         2
 Call Imp                 Summ           0%         N/A       77%         2
 Cigotuvi's Dreadful Rot  Necr/Pois/Air  0%         N/A       77%         2
 Ensorcelled Hibernation  Hex/Ice        0%         N/A       77%         2
 Lesser Beckoning         Tloc           0%         N/A       77%         2
 Momentum Strike          Conj/Tloc      0%         3d8       77%         2
 Passwall                 Tmut/Erth      0%         N/A       77%         2
 Poisonous Vapours        Pois/Air       0%         N/A       77%         2
 Sublimation of Blood     Necr           0%         N/A       77%         2
 Wereblood                Tmut           0%         N/A       77%         2
 Call Canine Familiar     Summ           0%         N/A       94%         3
 Dazzling Flash           Conj/Hex       0%         N/A       94%         3
 Frozen Ramparts          Ice            0%         1d1       94%         3
 Gell's Gravitas          Tloc           0%         N/A       94%         3
 Hailstorm                Conj/Ice       0%         3d3       94%         3
 Inner Flame              Hex/Fire       0%         N/A       94%         3
 Mephitic Cloud           Conj/Pois/Air  0%         N/A       94%         3
 Ozocubu's Armour         Ice            0%         N/A       94%         3
 Summon Guardian Golem    Hex/Summ       0%         N/A       94%         3
 Swiftness                Air            0%         N/A       94%         3
 Teleport Other           Tloc           0%         N/A       94%         3
 Tukima's Dance           Hex            0%         N/A       94%         3
 Volatile Blastmotes      Fire/Tloc      0%         2d10      94%         3
 Airstrike                Air            0%         2d(0-16)  100%        4
 Brom's Barrelling Bould  Conj/Erth      0%         2d3       100%        4
 Dimensional Bullseye     Hex/Tloc       0%         N/A       100%        4
 Iskenderun's Mystic Bla  Conj/Tloc      0%         2d3       100%        4
 Manifold Assault         Tloc           0%         N/A       100%        4
 Olgreb's Toxic Radiance  Pois           0%         N/A       100%        4
 Petrify                  Tmut/Erth      0%         N/A       100%        4
 Freezing Cloud           Conj/Ice/Air   0%         6-21      100%        5
 Irradiate                Conj/Tmut      0%         3d11      100%        5
 Metabolic Englaciation   Hex/Ice        0%         N/A       100%        5
 Silence                  Hex/Air        0%         N/A       100%        5
 Summon Forest            Summ/Tloc      0%         N/A       100%        5
 Summon Mana Viper        Hex/Summ       0%         N/A       100%        5
 Yara's Violent Unravell  Hex/Tmut       0%         3d3       100%        5
 Bombard                  Conj/Erth      0%         9d1       100%        6
 Conjure Ball Lightning   Conj/Air       0%         3x3d6     100%        6
 Dispersal                Tloc           0%         N/A       100%        6
 Eringya's Noxious Bog    Tmut/Pois      0%         4d6       100%        6
 Starburst                Conj/Fire      0%         6d3       100%        6
 Summon Cactus Giant      Summ           0%         N/A       100%        6
 Enfeeble                 Hex            0%         N/A       100%        7
 Haunt                    Necr/Summ      0%         N/A       100%        7
 Orb of Destruction       Conj           0%         9d5       100%        7
 Ozocubu's Refrigeration  Ice            0%         4d7       100%        7
 Spellforged Servitor     Conj/Summ      0%         N/A       100%        7
 Summon Hydra             Summ           0%         N/A       100%        7
 Disjunction              Tloc           0%         N/A       100%        8
 Infestation              Necr           0%         N/A       100%        8
 Maxwell's Capacitive Co  Air            0%         ∞         100%        8
 Chain Lightning          Conj/Air       0%         N/A       100%        9
 Dragon's Call            Summ           0%         N/A       100%        9
 Fire Storm               Conj/Fire      0%         5d1       100%        9
 Polar Vortex             Ice            0%         N/A       100%        9
 Shatter                  Erth           0%         3d5*      100%        9
 Animate Dead             Necr           Unusable   N/A       N/A         4
 Simulacrum               Ice/Necr       Unusable   N/A       N/A         6

Dungeon Overview and Level Annotations

Branches:
Dungeon (15/15)            Temple (1/1) D:7            Lair (5/5) D:10
  Swamp (4/4) Lair:3        Snake (4/4) Lair:2        Slime (0/5) Lair:5
    Orc (2/2) D:11            Elf (3/3) Orc:2        Vaults (5/5) D:14
  Crypt (0/3) Vaults:3     Depths (4/4) D:15            Zot (5/5) Depths:4
Ossuary (visited)         Volcano (visited)          WizLab (visited)
Desolation (visited)

Altars:
Ashenzari
Cheibriados
Dithmenos
Elyvilon
Fedhas
Gozag
Hepliaklqana
Kikubaaqudgha
Makhleb
Nemelex Xobeh
Okawaru
Qazlal
Ru
Sif Muna
Trog
Uskayaw
Vehumet
Wu Jian
Xom
Yredelemnul
Zin
The Shining One

Shops:
D:8 *   D:9 (:=*   D:13 =   D:15 [   Orc:2 ?**[   Elf:1 ?   Elf:3 *(!
Lair:1 ?   Snake:2 [   Vaults:3 ![   Depths:2 *

Portals:
Hell: Depths:2 Depths:3
Abyss: Depths:1 Depths:3
Pandemonium: Depths:2
Trove: Elf:1 (give 7 scrolls of fear)

Annotations:
D:6 2 transporters, No0ne1's ghost, novice MiFi
D:7 1 runed translucent door, Crazy Yiuf
Lair:3 2 transporters, Luilaip's ghost, journeyman GnFi
Swamp:1 1 runed translucent door, Ivebedul's ghost, adept MiFi
Snake:3 3 runed translucent doors, Zebuhay's ghost, adept DgSh
Elf:2 3 runed translucent doors
Elf:3 Nikola
Depths:1 exclusion: oklob plant


Innate Abilities, Weirdness & Mutations

You are completely covered in rugged brown scales. (AC +3, +7% HP)
Armour fits poorly on your strangely shaped body.
You have a long armoured tail.
You roll when moving toward enemies. (Rampage)
Your long tongue fully drains potion bottles. (2x potion effects)
Your tongue gives you trouble enunciating. (1.5x scroll delay)
You are partially covered in iridescent scales. (AC +2)
You possess an exceptional clarity of mind.
Your spells are a little easier to cast, but a little less powerful.


Message History

You pound the ice devil into fine dust!!!
You tail-slap the ice devil.
You kill the ice devil!
No target in view!
No target in view!
No target in view!
You start resting.
Your surroundings suddenly seem different.
Splash!
You fall into the shallow water.
As you slowly read the scroll of teleportation, it crumbles to dust.
You feel strangely unstable.
You feel the Orb delaying your translocation!
You start resting.
Your surroundings suddenly seem different.
As you slowly read the scroll of teleportation, it crumbles to dust.
You feel strangely unstable.
You feel the Orb delaying your translocation!
You start resting.
Your surroundings suddenly seem different.
Blink to where?
Press: ? - help, Q - select action, (/) - cycle Dir - move target As you slowly read the scroll of blinking, it crumbles to dust.
Aiming: Dig
Press: ? - help, Q - select action, (/) - cycle Shift-Dir - straight line You can't see that place. [the floor.]
The rock shatters into small pieces.
Blink to where?
Press: ? - help, Q - select action, (/) - cycle Dir - move target As you slowly read the scroll of blinking, it crumbles to dust.
Aiming: Dig
Press: ? - help, Q - select action, (/) - cycle Shift-Dir - straight line You can't see that place. [a staircase leading out of the dungeon.]
The rock shatters into small pieces.
The now-empty wand crumbles to dust.
Blink to where?
Press: ? - help, Q - select action, (/) - cycle Dir - move target As you slowly read the scroll of blinking, it crumbles to dust.
You have escaped!

### #.#.# #.# #.#.#
### #.# #....
#.#####.# #.#..
#.....#.# #.##.
######.###.#.######.
#..........#.##.....
#..'#.###..#.....###
#.#@#.#.#....#...##.
#.#'..#.............
#.......#..########.
#.#####....##.......
#.....#.#....(######
###.#.#.#.####.§....
#.#...#.# ##.....
#.......# #.....
######### #.....


There were no monsters in sight!

Vanquished Creatures
  3 dread liches
  2 orbs of fire
  3 ancient liches
  Mara (Depths:3)
  A juggernaut (Depths:2)
  2 pandemonium lords
  A Killer Klown (Zot:4)
  the Lernaean hydra (Swamp:4)
  2 curse toes
  Jory (Depths:3)
  10 golden dragons
  2 Tzitzimimeh
  2 doom hounds (Depths:3)
  A hellephant (D:2)
  3 electric golems
  A Hell Sentinel (D:10)
  7 Orb Guardians
  4 liches
  An Ice Fiend (Zot:4)
  A walking frostbound tome (D:15)
  10 tentacled monstrosities
  A searing wretch (Zig:3)
  7 sphinxes
  6 quicksilver dragons
  Grunn (Depths:3)
  Gastronok (D:9)
  3 titans
  4 death cobs
  A tengu reaver (Vaults:4)
  The ghost of Totter the Brawler, an adept DrSh of Lugonu (Snake:4)
  2 storm dragons
  5 nagarajas
  Donald (Swamp:1)
  2 draconian monks (Zot:4)
  6 fire giants
  7 shadow dragons
  A daeva (Zot:4)
  2 draconian knights
  8 frost giants
  An emperor scorpion (Zig:5)
  A fenstrider witch (Swamp:2)
  Aizul (Snake:2)
  3 balrugs
  2 draconian scorchers
  18 vault wardens
  5 ghost moths
  3 iron dragons
  A draconian stormcaller (Depths:4)
  A draconian shifter (Zot:4)
  4 deep elf sorcerers
  A ghoul (Vaults:3)
  2 imperial myrmidons (Desolation)
  10 ironbound preservers
  16 stone giants
  A reaper (D:2)
  2 formless jellyfish
  2 deep elf demonologists
  2 draconian annihilators
  12 ironbound thunderhulks
  13 very ugly things
  A spriggan defender (Depths:2)
  2 vampire knights
  A green draconian (Zot:4)
  7 eleionomae
  Nessos (D:12)
  3 bunyips
  5 black draconians
  2 deep elf annihilators (Elf:3)
  7 red draconians
  2 lorocyprocas
  6 white draconians
  2 dire elephants
  A spark wasp (shapeshifter) (Vaults:5)
  Azrael (Elf:1)
  2 yellow draconians (Zot:4)
  10 purple draconians
  7 ettins
  A halazid warlock (Desolation)
  3 deep elf death magi (Elf:1)
  A shambling mangrove (Zig:2)
  4 ragged hierophants (Desolation)
  A blizzard demon (D:2)
  A green death (Depths:2)
  Snorg (D:13)
  An entropy weaver (Zig:5)
  4 crystal guardians
  2 deep elf high priests
  8 fire dragons
  13 yaktaur captains
  Josephine (Lair:3)
  3 vault guards
  3 great orbs of eyes
  4 servants of whispers (Desolation)
  Fannar (Lair:3)
  8 ice dragons
  7 peacekeepers
  11 ironbound frosthearts
  Erolcha (D:9)
  6 rakshasas
  A merfolk avatar (Lair:5)
  A radroach (Zig:5)
  3 salamander tyrants (Snake:4)
  A sphinx zombie (Vaults:1)
  35 hydras
  8 alligators
  A death knight (Vaults:3)
  An ice dragon (shapeshifter) (D:15)
  2 ghost crabs
  5 ogre magi
  2 spriggan air magi
  19 anacondas
  17 two-headed ogres
  18 dancing weapons
  4 hell hogs (Depths:4)
  4 death yaks (Lair:4)
  4 centaur warriors
  8 naga sharpshooters
  6 boulder beetles
  3 tengu warriors (D:15)
  10 naga warriors
  4 deep troll earth magi
  6 deep troll shamans
  Sonja (D:13)
  A vampire mage (Depths:2)
  An occultist (Volcano)
  6 spriggan berserkers
  3 orc high priests (Orc:2)
  4 shock serpents
  15 hell knights (Depths:2)
  2 sun demons
  Amaemon (Lair:3)
  A skyshark (Lair:5)
  7 iron trolls
  15 spriggans
  21 deep elf knights
  8 salamander mystics
  A sun moth (Zig:5)
  An iron troll (shapeshifter) (D:15)
  A deep troll (shapeshifter) (Depths:2)
  3 sea snakes
  6 goliath frogs
  27 deep trolls
  2 sixfirhies (Depths:2)
  A skyshark (shapeshifter) (Elf:1)
  15 swamp dragons
  An orb spider (shapeshifter) (Depths:2)
  10 naga ritualists
  2 spriggan druids
  2 glowing orange brains
  A cherub (D:5)
  10 lindwurms
  A flayed ghost (Depths:2)
  A swamp dragon (shapeshifter) (Zig:4)
  10 bog bodies
  An orb spider (Zot:4)
  12 deep elf archers
  17 ironbound convokers
  9 orc knights
  7 arcanists
  Pikel (D:7)
  11 mana vipers
  2 phantasmal warriors
  8 necromancers
  A steelbarb worm (shapeshifter) (Vaults:5)
  36 deep elf zephyrmancers
  8 harpies
  29 ugly things
  21 deep elf pyromancers
  3 steelbarb worms (Swamp:1)
  A mana viper (shapeshifter) (Vaults:5)
  A wolf spider (shapeshifter) (Depths:1)
  8 cyclopes
  9 manticores
  27 salamanders
  A cyclops (shapeshifter) (Depths:2)
  6 orc sorcerers
  2 will-o-the-wisps
  2 wolf spiders (Vaults:5)
  15 moths of wrath
  2 large abominations (Depths:1)
  A toenail golem (Zot:5)
  7 elephants
  15 vault sentinels
  6 guardian serpents
  An orange demon (Lair:3)
  21 naga magi
  10 cane toads
  7 molten gargoyles
  2 smoke demons (Zot:4)
  48 black mambas
  An eye of devastation (Lair:5)
  5 torpor snails
  A cane toad (shapeshifter) (D:14)
  4 gargoyles
  Jeremiah (D:9)
  4 rime drakes
  3 efreet
  38 yaktaurs
  12 komodo dragons
  An ice devil (D:1)
  3 tengu conjurers
  2 freezing wraiths
  A queen bee (shapeshifter) (D:13)
  2 yaktaur skeletons (Vaults:4)
  A queen bee (Lair:2)
  12 tyrant leeches
  22 hornets
  2 hellwings (Zot:4)
  3 meliai (D:13)
  A meliai (shapeshifter) (Elf:1)
  6 trolls
  A wind drake (Lair:5)
  41 saltlings (Desolation)
  Grinder (D:6)
  2 glass eyes
  A raiju (shapeshifter) (D:13)
  2 polar bears (Lair:5)
  A snapping turtle (Lair:5)
  A tarantella (Zot:4)
  2 dream sheep (Lair:3)
  9 blink frogs
  Sigmund (D:6)
  A culicivora (Vaults:5)
  22 slime creatures
  A centaur simulacrum (D:15)
  2 air elementals
  3 jumping spiders (Zot:4)
  4 vampires
  10 wyverns
  2 water elementals
  52 yaks
  5 wraiths
  2 basilisks
  A chaos spawn (Zot:5)
  6 fire elementals
  3 golden eyes (Zot:4)
  2 neqoxecs
  20 vampire mosquitoes
  Menkaure (D:5)
  3 steam dragons
  A yaktaur simulacrum (Vaults:4)
  An acid dragon (D:12)
  47 nagas
  24 swamp worms
  A warg (Orc:1)
  Edmund (D:5)
  A human simulacrum (Vaults:4)
  10 hell hounds
  15 water moccasins
  24 orc warriors
  3 sky beasts
  11 swamp drakes
  13 wolves
  13 ogres
  4 lemures (D:7)
  5 centaurs
  6 kobold brigands
  2 elf zombies (Ossuary)
  3 human skeletons
  17 bullfrogs
  A gnoll sergeant (D:9)
  7 earth elementals
  A scorpion (D:4)
  5 wights (D:8)
  28 killer bees
  4 howler monkeys
  A hound (D:7)
  8 human zombies
  4 centaur zombies (Ossuary)
  5 jellies
  17 orc priests
  2 gnoll boudas (D:6)
  4 sleepcaps
  3 iguanas
  Natasha (twice) (D:3)
  18 orc wizards
  3 mummies (Ossuary)
  15 gnolls
  9 adders
  3 white imps
  2 ufetubi
  A worm (D:2)
  3 dart slugs
  78 orcs
  7 ball pythons
  11 endoplasms
  5 giant cockroaches
  8 goblins
  8 hobgoblins
  3 jackals (D:3)
  3 quokkas
  7 bats
  A frilled lizard (D:2)
  38 kobolds
  5 rats
1915 creatures vanquished.

Vanquished Creatures (collateral kills)
  2 quicksilver dragons
  10 Orb Guardians (Zot:5)
  A deep elf master archer (Elf:3)
  2 shadow dragons (Vaults:5)
  A draconian knight (Zot:5)
  4 deep elf elementalists (Elf:3)
  A vault warden (Vaults:5)
  A deep elf sorcerer (Elf:3)
  An orc warlord (D:13)
  2 draconian shifters (Zot:5)
  2 draconian annihilators (Zot:5)
  A very ugly thing (Vaults:5)
  2 green draconians (Zot:5)
  A black draconian (Zot:5)
  2 deep elf annihilators (Elf:3)
  3 deep elf death magi (Elf:3)
  2 deep elf high priests (Elf:3)
  7 vault guards (Vaults:5)
  An iron troll (Vaults:5)
  A deep elf knight (Elf:3)
  A deep elf pyromancer (Elf:3)
  A cyclops (D:11)
  2 ugly things (Vaults:5)
  An air elemental (Elf:3)
  A fire elemental (Elf:3)
53 creatures vanquished.

Vanquished Creatures (others)
  A dread lich (Zot:5)
  2 orbs of fire (Zot:5)
  2 Killer Klowns (Zot:5)
  2 tentacled monstrosities (Vaults:5)
  10 Orb Guardians (Zot:5)
  A deep elf master archer (Elf:3)
  5 titans (Vaults:5)
  A deep elf blademaster (Elf:3)
  A sphinx (Vaults:5)
  2 death cobs (Zot:5)
  A draconian knight (Zot:5)
  3 vault wardens (Vaults:5)
  3 deep elf sorcerers (Elf:3)
  2 draconian scorchers
  3 deep elf elementalists (Elf:3)
  A draconian shifter (Zot:5)
  2 ironbound preservers (Vaults:5)
  A draconian annihilator (Zot:5)
  3 stone giants (Vaults:5)
  A green draconian (Zot:5)
  A lorocyproca (Depths:2)
  2 deep elf annihilators
  2 deep elf demonologists (Elf:3)
  A white draconian (Zot:5)
  2 purple draconians (Zot:5)
  A red draconian (Zot:5)
  3 deep elf death magi (Elf:3)
  2 ettins (Vaults:5)
  A fire dragon (Depths:1)
  3 deep elf high priests
  2 yaktaur captains (Vaults:5)
  18 vault guards (Vaults:5)
  2 deep troll earth magi (Vaults:5)
  2 deep trolls (Vaults:5)
  A phantasmal warrior (Vaults:5)
  A flayed ghost (Vaults:5)
  2 deep elf pyromancers (Vaults:5)
  5 deep elf zephyrmancers
  2 ironbound convokers (Vaults:5)
  2 moths of wrath (Zot:5)
  A smoke demon (Zot:2)
  A torpor snail (shapeshifter) (Vaults:5)
  4 yaktaurs (Vaults:5)
  5 bloated husks
  2 hornets
  A culicivora (Vaults:5)
  3 redbacks (Vaults:5)
  An orc warrior (D:11)
  A large abomination (Zot:2)
  An orc wizard (D:6)
  10 foxfires
132 creatures vanquished.

Grand Total: 2100 creatures vanquished

Notes
Turn   | Place    | Note
-------+----------+-------------------------------------------
     0 | D:1      | Unit the Armataur Fighter began the quest for the Orb.
     0 | D:1      | Reached XP level 1. HP: 19/19 MP: 1/1
   176 | D:1      | Reached XP level 2. HP: 26/26 MP: 2/2
   527 | D:1      | Reached XP level 3. HP: 32/32 MP: 3/3
  1000 | D:2      | Reached XP level 4. HP: 36/40 MP: 4/4
  2155 | D:3      | Reached XP level 5. HP: 23/48 MP: 5/5
  2513 | D:3      | Noticed Natasha
  2525 | D:3      | Killed Natasha
  2781 | D:3      | Noticed Natasha
  2787 | D:3      | Killed Natasha
  3018 | D:4      | Reached XP level 6. HP: 33/55 MP: 6/6
  3273 | D:4      | Noticed a steam dragon
  3278 | D:4      | Killed a steam dragon
  3279 | D:4      | Reached skill level 5 in Unarmed Combat
  3293 | D:4      | Found a sand-covered staircase.
  3299 | Ossuary  | Entered an ossuary
  3321 | Ossuary  | Reached XP level 7. HP: 52/64 MP: 7/7
  3595 | Ossuary  | Reached skill level 5 in Fighting
  3926 | D:4      | Identified the +3 rapier of Disarray {venom, *Noise rN++}
  4062 | D:4      | Found a shimmering blue altar of Sif Muna.
  4063 | D:4      | Found a burning altar of Makhleb.
  4066 | D:4      | Found an ornate altar of the Wu Jian Council.
  4093 | D:4      | You are sucked into a shaft and drop 1 floor!
  4093 | D:5      | Entered Level 5 of the Dungeon
  4581 | D:4      | Reached XP level 8. HP: 57/73 MP: 8/8
  4756 | D:5      | Noticed Menkaure
  4764 | D:5      | Killed Menkaure
  4971 | D:5      | Found a sparkling altar of Nemelex Xobeh.
  5223 | D:5      | Noticed Edmund
  5234 | D:6      | Noticed Sigmund
  5252 | D:6      | Killed Sigmund
  5507 | D:5      | Killed Edmund
  5745 | D:5      | Found an iron altar of Okawaru.
  5745 | D:5      | Found a broken altar of Ashenzari.
  5745 | D:5      | Found a glowing silver altar of Zin.
  5745 | D:5      | Found a shimmering altar of Xom.
  5745 | D:5      | Found a shimmering blue altar of Sif Muna.
  5745 | D:5      | Found a sparkling altar of Nemelex Xobeh.
  5745 | D:5      | Noticed a slime creature
  5745 | D:5      | Noticed a slime creature
  6010 | D:6      | Noticed Grinder
  6017 | D:6      | Paralysed by Grinder for 3 turns
  6038 | D:6      | Paralysed by Grinder for 4 turns
  6046 | D:6      | Killed Grinder
  6047 | D:6      | Reached XP level 9. HP: 71/83 MP: 9/9
  6095 | D:6      | Found a shadowy altar of Dithmenos.
  6112 | D:6      | Found a shimmering altar of Xom.
  6112 | D:6      | Found a shimmering altar of Xom.
  6315 | D:6      | Found a basalt altar of Yredelemnul.
  6315 | D:6      | Found a shimmering altar of Xom.
  6315 | D:6      | Found a shimmering altar of Xom.
  6793 | D:6      | Found a transporter.
  6798 | D:6      | Found a transporter.
  6811 | D:6      | Noticed No0ne1's ghost (novice MiFi)
  6967 | D:7      | Reached skill level 10 in Unarmed Combat
  7120 | D:7      | Noticed a cyclops
  7136 | D:7      | Killed a cyclops
  7254 | D:7      | Found a runed translucent door.
  7255 | D:7      | Noticed Crazy Yiuf
  7724 | D:7      | Reached XP level 10. HP: 89/94 MP: 10/10
  7741 | D:7      | Found a sacrificial altar of Ru.
  8086 | D:7      | Noticed Pikel
  8098 | D:7      | Killed Pikel
  8099 | D:7      | Found a staircase to the Ecumenical Temple.
  8120 | Temple   | Entered the Ecumenical Temple
  8133 | Temple   | Became a worshipper of Gozag Ym Sagoz the Greedy
  8256 | D:8      | Found Ogekhlef's Fire Supplies.
  8261 | D:8      | Bought a +1 pair of gloves of fire resistance for 231 gold
                  | pieces
  9239 | D:9      | Found a glowing golden altar of the Shining One.
  9239 | D:9      | Found a white marble altar of Elyvilon.
  9285 | D:9      | Found a glowing silver altar of Zin.
  9301 | D:9      | Noticed Jeremiah
  9305 | D:9      | Noticed Erolcha
  9307 | D:9      | Killed Jeremiah
  9567 | D:9      | Found Fuesia's Jewellery Boutique.
  9571 | D:9      | Found Vacobaoh's Weapon Boutique.
  9571 | D:9      | Found Usoiph's General Store.
  9573 | D:9      | Found Pygal's Book Boutique.
  9582 | D:9      | Bought a potion of heal wounds for 75 gold pieces
  9745 | D:9      | Noticed Gastronok
  9772 | D:9      | Killed Gastronok
  9773 | D:9      | Reached XP level 11. HP: 75/103 MP: 11/11
 10077 | D:10     | Entered Level 10 of the Dungeon
 10187 | D:10     | Found a staircase to the Lair.
 10818 | D:10     | Found an iron altar of Okawaru.
 11234 | D:10     | Reached skill level 10 in Fighting
 11559 | D:11     | Noticed an orc knight
 12252 | D:11     | Found a staircase to the Orcish Mines.
 12471 | D:11     | Killed an orc knight
 12669 | D:11     | Noticed a two-headed ogre
 12670 | D:11     | Noticed a green ugly thing
 12675 | D:11     | Killed a two-headed ogre
 12676 | D:11     | Reached skill level 4 in Armour
 12682 | D:11     | Killed a green ugly thing
 12683 | D:11     | Reached skill level 5 in Armour
 12900 | D:11     | Reached skill level 6 in Armour
 13205 | D:9      | Bought the ring of Ogyar {rN++ MP+9 Slay+5 SInv Stlth-} for
                  | 994 gold pieces
 13303 | D:9      | Killed Erolcha
 13304 | D:9      | Reached skill level 7 in Armour
 13304 | D:9      | Reached XP level 12. HP: 66/114 MP: 12/12
 13735 | D:12     | Noticed a boulder beetle
 13750 | D:12     | Reached skill level 8 in Armour
 13753 | D:12     | Killed a boulder beetle
 13758 | D:12     | Reached skill level 9 in Armour
 13946 | D:12     | Noticed a boulder beetle
 13946 | D:12     | Noticed a two-headed ogre
 13964 | D:12     | Noticed Nessos
 13977 | D:12     | Killed Nessos
 13977 | D:12     | Noticed a two-headed ogre
 13978 | D:12     | Reached skill level 10 in Armour
 13982 | D:12     | Killed a two-headed ogre
 13989 | D:12     | Killed a boulder beetle
 14003 | D:12     | Killed a two-headed ogre
 14931 | Orc:1    | Entered Level 1 of the Orcish Mines
 15001 | Orc:2    | Entered Level 2 of the Orcish Mines
 15001 | Orc:2    | Found a staircase to the Elven Halls.
 15030 | Orc:1    | Paralysed by an orc sorcerer for 3 turns
 15621 | Orc:2    | Reached skill level 15 in Unarmed Combat
 16193 | Orc:2    | Noticed an orc high priest
 16201 | Orc:2    | Killed an orc high priest
 16371 | Orc:2    | Reached XP level 13. HP: 116/126 MP: 13/13
 17011 | Orc:2    | Found Sacuxo Iffu's Magic Scroll Boutique.
 17011 | Orc:2    | Found Camnoh's Armour Emporium.
 17013 | Orc:2    | Found Kiczerets's Assorted Antiques.
 17013 | Orc:2    | Found Tareakk's Assorted Antiques.
 17019 | Orc:2    | Bought a scroll of identify for 34 gold pieces
 17019 | Orc:2    | Bought a scroll of immolation for 68 gold pieces
 17019 | Orc:2    | Bought a scroll of identify for 34 gold pieces
 17019 | Orc:2    | Bought a scroll of revelation for 127 gold pieces
 17024 | Orc:2    | Bought a scroll of identify for 50 gold pieces
 17024 | Orc:2    | Bought a tapered bone wand for 100 gold pieces
 17024 | Orc:2    | Bought a scroll labelled WOSHRA COMPANU for 25 gold pieces
 17024 | Orc:2    | Bought a scroll of revelation for 187 gold pieces
 17024 | Orc:2    | Bought a sedimented brown potion for 22 gold pieces
 17026 | Orc:2    | Bought a scroll of identify for 52 gold pieces
 17026 | Orc:2    | Bought an ivory wand for 104 gold pieces
 17026 | Orc:2    | Bought a scroll of teleportation for 78 gold pieces
 17029 | Orc:2    | Bought a +2 cloak of willpower for 236 gold pieces
 17164 | Lair:1   | Entered Level 1 of the Lair of Beasts
 17457 | Lair:1   | Bought a scroll of identify for 22 gold pieces
 17457 | Lair:1   | Bought a scroll of teleportation for 33 gold pieces
 17457 | Lair:1   | Bought a scroll of identify for 22 gold pieces
 17457 | Lair:1   | Bought a scroll of poison for 44 gold pieces
 17457 | Lair:1   | Bought 3 scrolls of identify for 66 gold pieces
 17457 | Lair:1   | Bought a scroll of blinking for 82 gold pieces
 17610 | Lair:1   | Bought a scroll of fear for 44 gold pieces
 17610 | Lair:1   | Bought a scroll of fear for 44 gold pieces
 17862 | Lair:1   | Bought a scroll of fear for 44 gold pieces
 18086 | Lair:2   | Found an ornate altar of the Wu Jian Council.
 18750 | Lair:2   | Found a staircase to the Snake Pit.
 19517 | Lair:3   | Found a transporter.
 19539 | Lair:3   | Noticed Fannar
 19545 | Lair:3   | Noticed Josephine
 19554 | Lair:3   | Killed Josephine
 19561 | Lair:3   | Noticed Luilaip's ghost (journeyman GnFi)
 19563 | Lair:3   | Killed Fannar
 19700 | Lair:3   | Noticed Amaemon
 19723 | Lair:3   | Killed Amaemon
 19890 | Lair:3   | Found a dark tunnel.
 19900 | Volcano  | Entered a volcano
 19989 | Volcano  | Reached XP level 14. HP: 139/139 MP: 14/14
 20027 | Volcano  | Noticed an orb of fire
 20035 | Volcano  | Noticed an orb of fire
 20839 | Lair:3   | Found a transporter.
 21378 | Lair:3   | Found a staircase to the Swamp.
 22876 | Lair:5   | Entered Level 5 of the Lair of Beasts
 23190 | Lair:5   | Reached skill level 15 in Fighting
 23468 | Lair:5   | Found a staircase to the Slime Pits.
 24738 | Lair:5   | Identified the ring "Tunguiz" {*Slow rElec rPois Str+6}
 24824 | Lair:5   | Found a white marble altar of Elyvilon.
 24842 | Lair:5   | Reached XP level 15. HP: 88/150 MP: 15/15
 25246 | D:13     | Bought the brooch of Shielding {Spirit SH+8} for 1170 gold
                  | pieces
 25246 | D:13     | Found the brooch of Shielding {Spirit SH+8}
 25407 | D:13     | Noticed Snorg
 25416 | D:13     | Killed Snorg
 26256 | D:13     | Noticed Sonja
 26271 | D:13     | Killed Sonja
 27095 | D:14     | Found a gate to the Vaults.
 27235 | D:15     | Entered Level 15 of the Dungeon
 27564 | D:15     | Found a staircase to the Depths.
 27665 | D:15     | Noticed a quicksilver dragon
 27955 | D:15     | Bought a runed buckler for 150 gold pieces
 28532 | Snake:1  | Entered Level 1 of the Snake Pit
 28664 | Snake:1  | Found a stormy altar of Qazlal.
 28810 | Snake:1  | Reached XP level 16. HP: 109/165 MP: 16/16
 29750 | Snake:2  | Found a gateway to a bazaar.
 30019 | Snake:2  | Identified the serpent talisman of the Hurricane {rF+ rC+
                  | rCorr Str+2}
 30019 | Snake:2  | Noticed Aizul
 30029 | Snake:2  | Killed Aizul
 30825 | Snake:2  | Found Yhitouto's Antique Armour Emporium.
 30829 | Snake:2  | Bought a faintly glowing plate armour for 784 gold pieces
 30829 | Snake:2  | Identified the +0 plate armour of Sharp Tender Moments
                  | {Str+3 Int+5} (You bought it in a shop on level 2 of the
                  | Snake Pit)
 31295 | Snake:3  | Found a runed translucent gate.
 31295 | Snake:3  | Found a runed translucent gate.
 31295 | Snake:3  | Found a runed translucent gate.
 31820 | Snake:3  | Noticed Zebuhay's ghost (adept DgSh)
 32261 | Snake:4  | Identified the "Jaehe"
 32261 | Snake:4  | Entered Level 4 of the Snake Pit
 32331 | Snake:4  | Found a frozen archway.
 32737 | Snake:3  | Reached skill level 5 in Shields
 32896 | Snake:4  | Found a runed translucent gate.
 32896 | Snake:4  | Found a runed translucent gate.
 32903 | Snake:4  | Found a runed translucent gate.
 32903 | Snake:4  | Noticed Totter's ghost (adept DrSh)
 32934 | Snake:4  | Reached XP level 17. HP: 81/177 MP: 17/17
 33214 | Snake:4  | Killed Totter's ghost
 33219 | Snake:4  | Identified the +2 shadow dragon scales "Rohed" {rPois
                  | Stlth++++}
 33299 | Snake:4  | Reached skill level 11 in Armour
 34186 | Snake:4  | Reached skill level 12 in Armour
 34559 | Snake:4  | Got a serpentine rune of Zot
 34627 | Snake:4  | Found a shimmering blue altar of Sif Muna.
 34657 | Snake:4  | Reached skill level 10 in Shields
 35120 | Bazaar   | Entered a bazaar
 35120 | Bazaar   | Found Unkigg's Distillery.
 35120 | Bazaar   | Found Ucwi's Antique Weapon Shop.
 35135 | Bazaar   | Bought a potion of curing for 18 gold pieces
 35135 | Bazaar   | Bought a potion of lignification for 18 gold pieces
 35135 | Bazaar   | Bought a potion of might for 24 gold pieces
 35135 | Bazaar   | Bought a potion of heal wounds for 30 gold pieces
 35135 | Bazaar   | Bought 2 potions of haste for 120 gold pieces
 35135 | Bazaar   | Bought a potion of invisibility for 48 gold pieces
 35135 | Bazaar   | Bought a potion of resistance for 60 gold pieces
 35138 | Bazaar   | Found Odiabeowa's General Store.
 35146 | Bazaar   | Bought 2 potions of heal wounds for 90 gold pieces
 35146 | Bazaar   | Bought 3 scrolls of enchant armour for 202 gold pieces
 35149 | Bazaar   | Found Nempiz's Book Boutique.
 35157 | Bazaar   | Found Puheroin's Antique Armour Boutique.
 35196 | Bazaar   | Bought a condenser vane for 360 gold pieces
 35196 | Bazaar   | Bought a scroll of fog for 36 gold pieces
 35392 | Swamp:1  | Entered Level 1 of the Swamp
 35507 | Swamp:1  | Noticed Donald
 35514 | Swamp:1  | Killed Donald
 36098 | Swamp:1  | Identified the +2 ring mail of Action {Dex+4}
 36133 | Swamp:1  | Found a runed translucent door.
 36133 | Swamp:1  | Found a shimmering altar of Xom.
 36133 | Swamp:1  | Noticed Ivebedul's ghost (adept MiFi)
 36141 | Swamp:1  | Reached skill level 13 in Armour
 37359 | Swamp:2  | Reached XP level 18. HP: 185/185 MP: 18/18
 37899 | Swamp:3  | Identified the +3 halberd of Toanohaq {pain, +Blink rElec
                  | rC+++ Str-4}
 38094 | Swamp:3  | Reached skill level 14 in Armour
 38362 | Swamp:4  | Entered Level 4 of the Swamp
 38567 | Swamp:4  | Noticed the 27-headed Lernaean hydra
 38573 | Swamp:4  | Killed the 27-headed Lernaean hydra
 38958 | Swamp:4  | Reached skill level 15 in Shields
 39000 | Swamp:4  | Got a decaying rune of Zot
 39083 | Swamp:4  | Reached skill level 15 in Armour
 39345 | Desolati | Identified the "Kyneptaj"
 39345 | Desolati | Identified the "Couttotu"
 39345 | Desolati | Identified the "Ilyota Cotz"
 39345 | Desolati | Identified the "Lonyxul"
 39345 | Vaults:5 | Identified the "Postyi"
 39345 | Crypt:3  | Identified the "Digamn"
 39345 | Depths:1 | Identified the of Yxkiesoe
 39345 | Depths:2 | Identified the "Ycounei"
 39345 | Depths:3 | Identified the "Vulodep"
 39345 | WizLab   | Identified the of Vaoprag
 39345 | Elf:1    | Identified the "Bamn"
 39345 | Elf:1    | Identified the "Tity"
 39345 | Elf:1    | Entered Level 1 of the Elven Halls
 39349 | Elf:1    | Bought a scroll of fear for 56 gold pieces
 39349 | Elf:1    | Bought a scroll of teleportation for 42 gold pieces
 39349 | Elf:1    | Bought a scroll of poison for 56 gold pieces
 39349 | Elf:1    | Bought a scroll of blinking for 105 gold pieces
 39349 | Elf:1    | Bought a scroll of blinking for 105 gold pieces
 39349 | Elf:1    | Bought a scroll of teleportation for 42 gold pieces
 39375 | Elf:1    | Found a radiant altar of Vehumet.
 39457 | Elf:1    | Found a portal to a secret trove of treasure.
 39623 | Elf:1    | Noticed Azrael
 39633 | Elf:1    | Killed Azrael
 39720 | Elf:1    | Paralysed by an air elemental for 1 turns
 39747 | Elf:1    | Reached XP level 19. HP: 123/193 MP: 19/19
 41009 | Elf:2    | Found a runed translucent gate.
 41009 | Elf:2    | Found a runed translucent gate.
 41009 | Elf:2    | Found a runed translucent gate.
 41091 | Elf:3    | Identified the "Ipsuamn"
 41091 | Elf:3    | Entered Level 3 of the Elven Halls
 41299 | Elf:3    | Found Hafad's Distillery.
 41303 | Elf:3    | Bought a potion of haste for 120 gold pieces
 41303 | Elf:3    | Bought a potion of heal wounds for 60 gold pieces
 41303 | Elf:3    | Bought 2 potions of haste for 240 gold pieces
 41303 | Elf:3    | Found Fudateif's Antique Weapon Emporium.
 41311 | Elf:3    | Found Wunoo's General Store.
 41346 | Elf:3    | Paralysed by an air elemental for 1 turns
 41721 | Elf:3    | Noticed Nikola
 41759 | Elf:3    | Identified the +1 robe of the Leaf {Rampage rF+ rN+ Str-3}
 41932 | Elf:3    | Found the +11 plutonium sword {Contam Stlth-}
 41968 | Elf:3    | Identified the staff of Locan {Drain rElec rPois Stlth+
                  | Poison}
 42037 | Elf:3    | Found the +8 whip "Snakebite" {venom, curare, rPois}
 42048 | Elf:3    | Identified the staff of Tenacity {Int+2 Dex+2 SInv Stlth+
                  | Conj}
 42061 | Elf:3    | Identified the staff of the Loving Weasel {Will+ Conj}
 42064 | Elf:3    | Identified the ring "Weassima" {rC+ rCorr Stlth+}
 42385 | Vaults:1 | Entered Level 1 of the Vaults
 42559 | Vaults:1 | Found a crumbling gateway.
 42566 | Desolati | Entered the Desolation of Salt
 42887 | Desolati | Identified the ring of the Tempest {*Slow Will++ rCorr
                  | Str+2}
 43219 | Desolati | Found the +10 Black Knight's barding {ponderous, rPois rN+}
 43226 | Desolati | Identified the amulet of Royalty {Spirit Regen+}
 43254 | Desolati | Identified the staff of Harmony {rElec rC+ rN+ Stlth+ Ice}
 43258 | Desolati | Identified the ring "Liozesh" {rElec Will+}
 43266 | Desolati | Identified the -1 helmet "Nakhlul" {rElec}
 43333 | Desolati | Identified the +0 steam dragon scales "Ynniguf" {Will+}
 43337 | Desolati | Identified the ring of Vixawabb {Fire *Corrode rN++}
 43659 | Vaults:1 | Reached XP level 20. HP: 193/207 MP: 20/20
 44395 | Vaults:1 | Identified the +2 robe of the Ninety-Nine Knives {Dex+3
                  | Stlth+}
 46517 | Vaults:3 | Reached XP level 21. HP: 219/219 MP: 21/21
 46517 | Vaults:3 | Reached XP level 22. HP: 227/227 MP: 22/22
 46719 | Vaults:3 | Found Apnyty's Distillery.
 46727 | Vaults:3 | Bought a potion of magic for 176 gold pieces
 46727 | Vaults:3 | Bought a potion of cancellation for 176 gold pieces
 46934 | Vaults:3 | Found a staircase to the Crypt.
 47700 | Vaults:4 | Found a flickering gateway to a bazaar.
 47729 | Bazaar   | Entered a bazaar
 47729 | Bazaar   | Found Ecsugid's General Store.
 47729 | Bazaar   | Found Denuaj's Weapon Shoppe.
 47729 | Bazaar   | Found Zanliehe's Armour Emporium.
 47729 | Bazaar   | Found Nacich's Weapon Emporium.
 47745 | Bazaar   | Bought a scroll of enchant armour for 105 gold pieces
 47930 | Vaults:4 | Paralysed by a formless jellyfish for 1 turns
 48297 | Vaults:4 | Reached XP level 23. HP: 219/238 MP: 23/23
 48890 | Vaults:5 | Entered Level 5 of the Vaults
 49111 | Vaults:5 | Identified the +10 great sword of Bread {heavy, rC+ Int+2
                  | Dex+3}
 49262 | Vaults:5 | Identified the +0 pair of boots "Bisty" {Str+3 Int+2 Dex-4
                  | SInv}
 49528 | Vaults:5 | Identified the +2 ring mail of Conscience {rElec Str+3}
 49743 | Vaults:5 | Reached skill level 16 in Armour
 49745 | Vaults:5 | Noticed a dread lich
 49754 | Vaults:5 | Killed a dread lich
 49920 | Vaults:5 | Got a silver rune of Zot
 50254 | Vaults:5 | Noticed an ancient lich
 50263 | Vaults:5 | Killed an ancient lich
 50802 | Depths:1 | Entered Level 1 of the Depths
 50958 | D:15     | Reached skill level 17 in Armour
 51443 | Depths:1 | Found a shadowy altar of Dithmenos.
 51479 | Depths:1 | Reached XP level 24. HP: 232/249 MP: 23/23
 51561 | Depths:1 | Found a one-way gate to the infinite horrors of the Abyss.
 51667 | Depths:1 | Found a hazy altar of Hepliaklqana.
 51797 | Depths:2 | Found a gateway to Hell.
 51923 | Depths:2 | Reached skill level 18 in Armour
 52341 | Depths:2 | Found a one-way gateway to a ziggurat.
 52352 | Depths:2 | Found Xoestrure's General Store.
 52375 | Slime:5  | Identified the of Teophace
 52375 | Slime:5  | Identified the "Xoqaywiu"
 52375 | Tomb:3   | Identified the "Qaesylaz"
 52375 | Tomb:3   | Identified the "Sirul"
 52375 | Tomb:3   | Identified the "Bophoajifa"
 52375 | Tomb:3   | Identified the of Hechaol
 52375 | Dis:7    | Identified the "Pidghog"
 52375 | Geh:7    | Identified the "Zasif"
 52375 | Zig:1    | Entered Level 1 of a ziggurat
 52407 | Zig:2    | Entered Level 2 of a ziggurat
 52445 | Zig:3    | Entered Level 3 of a ziggurat
 52519 | Zig:4    | Entered Level 4 of a ziggurat
 52521 | Zig:4    | Noticed an ancient lich
 52521 | Zig:4    | Noticed an ancient lich
 52528 | Zig:4    | Killed an ancient lich
 52534 | Zig:4    | Killed an ancient lich
 52535 | Zig:4    | Reached skill level 19 in Armour
 52613 | Zig:5    | Entered Level 5 of a ziggurat
 52691 | Zig:5    | Reached XP level 25. HP: 256/256 MP: 23/23
 52691 | Zig:5    | Reached XP level 26. HP: 265/265 MP: 23/23
 52704 | Depths:2 | Found a white marble altar of Elyvilon.
 52743 | Depths:2 | Found a one-way gate leading to the halls of Pandemonium.
 52747 | Depths:2 | Reached skill level 20 in Armour
 53040 | Depths:2 | Noticed a juggernaut
 53054 | Depths:2 | Killed a juggernaut
 53462 | Depths:3 | Found a flickering gateway to a bazaar.
 53471 | Bazaar   | Entered a bazaar
 53491 | Bazaar   | Found Zeconiwn's Book Shoppe.
 53520 | Bazaar   | Found Pyhaog's Weapon Emporium.
 53520 | Bazaar   | Found Daiqaz's Assorted Antiques.
 53542 | Bazaar   | Found Vaewoes's Assorted Antiques.
 53547 | Bazaar   | Bought a potion of heal wounds for 85 gold pieces
 53547 | Bazaar   | Bought a scroll of fear for 68 gold pieces
 53586 | Depths:3 | Noticed Mara
 53607 | Depths:3 | Killed Mara
 53697 | Depths:3 | Noticed Grunn
 53719 | Depths:3 | Killed Grunn
 53846 | Depths:3 | Noticed Jory
 53854 | Depths:3 | Killed Jory
 53977 | Depths:4 | Entered Level 4 of the Depths
 54019 | Depths:4 | Found an ancient bone altar of Kikubaaqudgha.
 54048 | Depths:4 | Reached skill level 21 in Armour
 54285 | Depths:4 | Found a magical portal.
 54290 | WizLab   | Entered The Chambers of the Cloud Mage
 54432 | Depths:4 | Found a gate to the Realm of Zot.
 54486 | Zot:1    | Entered Level 1 of the Realm of Zot
 54553 | Zot:1    | Noticed an orb of fire
 54699 | Zot:1    | Gained mutation: Your spells are a little easier to cast,
                  | but a little less powerful. [an orb of fire]
 54710 | Zot:1    | Killed an orb of fire
 54836 | Zot:2    | Reached XP level 27. HP: 268/273 MP: 23/23
 54849 | Zot:2    | Reached skill level 22 in Armour
 55329 | Zot:4    | Reached skill level 23 in Armour
 55756 | Zot:4    | Identified the +1 pair of gloves of the Manifold Ziggurats
                  | {rElec rF+ Int+4}
 56176 | Zot:5    | Entered Level 5 of the Realm of Zot
 56625 | Zot:5    | Noticed a dread lich
 56630 | Zot:5    | Noticed an orb of fire
 56653 | Zot:5    | Killed an orb of fire
 56676 | Zot:5    | Killed a dread lich
 56681 | Zot:5    | Noticed an orb of fire
 56693 | Zot:5    | Banished an ancient lich
 56759 | Zot:5    | Noticed an orb of fire
 56763 | Zot:5    | Noticed a dread lich
 56764 | Zot:5    | Gained mutation: Your magical capacity is low. (-10% MP)
                  | [an orb of fire]
 57039 | Zot:5    | Gained mutation: Your magical capacity is very low. (-20%
                  | MP) [an orb of fire]
 57043 | Zot:5    | Reached skill level 24 in Armour
 57043 | Zot:5    | Gained mutation: You do not regenerate when monsters are
                  | visible. [an orb of fire]
 57051 | Zot:5    | Killed an orb of fire
 57052 | Zot:5    | Lost mutation: Your spells are a little easier to cast, but
                  | a little less powerful. [potion of mutation]
 57052 | Zot:5    | Lost mutation: You do not regenerate when monsters are
                  | visible. [potion of mutation]
 57052 | Zot:5    | Lost mutation: Your magical capacity is very low. (-20% MP)
                  | [potion of mutation]
 57052 | Zot:5    | Lost mutation: Your magical capacity is low. (-10% MP)
                  | [potion of mutation]
 57052 | Zot:5    | Gained mutation: You are partially covered in iridescent
                  | scales. (AC +2) [potion of mutation]
 57052 | Zot:5    | Gained mutation: Your spells are a little easier to cast,
                  | but a little less powerful. [potion of mutation]
 57052 | Zot:5    | Gained mutation: You possess an exceptional clarity of
                  | mind. [potion of mutation]
 57099 | Zot:5    | Noticed a dread lich
 57104 | Zot:5    | Killed a dread lich
 57109 | Zot:5    | Got the Orb of Zot
 57166 | Zot:5    | Killed a dread lich
 57430 | Zot:2    | Noticed Ragaal the pandemonium lord
 57570 | Depths:1 | Noticed Nuabboun the pandemonium lord
 57596 | Depths:1 | Killed Nuabboun the pandemonium lord
 57776 | D:10     | Noticed Focrurho the pandemonium lord
 57946 | D:2      | Noticed Jaxy the pandemonium lord
 57981 | D:2      | Killed Jaxy the pandemonium lord
 58041 | D:2      | Reached skill level 25 in Armour
 58102 | D:$      | Escaped with the Orb!

Illustrated notes

Levels and vault maps discovered:
D:1:      dpeg_arrival_tiny_d, layout_basic, minivault_14
D:2:      layout_loops_ring, amcnicky_mini_rare_corridor_liquid,
          corexii_item_surrounded_by_moat, dreamdust_wishing_well
D:3:      layout_basic, serial_aquarium, aquarium_bridge_square
          [aquarium_subvault_balcony, aquarium_subvault_bridge,
          aquarium_subvault_wall, aquarium_subvault_bridge],
          aquarium_window_corner, aquarium_window_1, aquarium_window_1,
          aquarium_view_2c, aquarium_view_2c, aquarium_pool_corner, uniq_natasha
D:4:      layout_cave_pods, gammafunk_temple_overflow_claw, enter_ossuary_5
D:5:      cheibrodos_fertilizer, layout_basic, lemuel_doored_altar, uniq_edmund,
          uniq_menkaure
D:6:      layout_rooms, doesnt_xom_only_xom, gammafunk_ghost_hive,
          nicolae_half_adder, uniq_sigmund, uniq_grinder
D:7:      layout_loops_ring, nicolae_ru_the_path_less_chosen,
          minmay_temple_entry_nine_rooms, uniq_crazy_yiuf_cottage, uniq_pikel
D:8:      layout_gridville, nicolae_shop_fire_sale [nicolae_sub_dead_trees],
          grunt_ministairs_9, nicolae_fountain_basement
D:9:      layout_small_grid, mainiacjoe_overflow_cross_hatched,
          gammafunk_temple_overflow_pools, minmay_shop_grid_forest,
          grunt_ministairs_6, uniq_gastronok, uniq_erolcha, uniq_jeremiah
D:10:     layout_roguey, old_standard_altar, lair_entry_dummy,
          nicolae_figureground_pulse
D:11:     layout_roguey [special_room_orc], minmay_orc_entry_temple_small
D:12:     layout_roguey, uniq_nessos
D:13:     layout_stronghold, hellmonk_guarded_unrand_dark_maul, uniq_snorg,
          uniq_sonja
D:14:     layout_loops_ring, david_vaults_2, chequers_serial_rivers_small_3
D:15:     hangedman_depths_entry_civil_slaughter, layout_irregular_city
Temple:   nicolae_temple_ecumenical_triangle
Lair:1:   layout_roguey, bh_autumn_forest_stairs,
          chequers_serial_rivers_small_a, grunt_megastairs_2, lemuel_fruit_tree
Lair:2:   layout_cave_pods, alex1729_snake_entry_snake, special_room
          [special_room_bee], basic_altar, serial_bayou_pond_a
Lair:3:   layout_concentric_octagons, palyth_hydra_swamp_entry,
          nicolae_volcano_entry_hallway, nzn_ghost_randoct, serial_rivers,
          chequers_serial_rivers_micro_a, chequers_serial_rivers_large_b,
          chequers_serial_rivers_micro_c, chequers_serial_rivers_micro_d,
          uniq_josephine, uniq_amaemon, uniq_fannar
Lair:4:   layout_cave_pods
Lair:5:   gammafunk_lair_ancient_temple, layout_layer_cave,
          minmay_slime_entry_eyes, st_stairs_3, lemuel_centaur_altar
Swamp:1:  layout_falls_marsh, ebering_ghost_xom, evilmike_swamp_ruin_wall,
          swamp_pool_1_2, nicolae_swamp_fairy_circle,
          nicolae_swamp_vermiculated, infiniplex_staircase_pool, uniq_donald
Swamp:2:  layout_basic_swamp, evilmike_swamp_ruin_house_2
Swamp:3:  layout_basic_swamp, nicolae_swamp_tree_designs,
          hangedman_swamp_double_dragon
Swamp:4:  swamp_basic_johnstein, layout_basic_swamp, swamp_pool_1_2
Snake:1:  layout_gridlike, basic_altar
Snake:2:  minmay_snake_river, layout_basic, serial_shops, bzr_entry_dummy,
          nicolae_shop_dealshenge, nicolae_snake_gridmaze_tees, uniq_aizul
Snake:3:  layout_misc_corridors, ebering_ghost_rock_garden
Snake:4:  johnstein_snake_rune_scales, layout_basic,
          portal_ice_cave_entry_pillars_2, ebering_ghost_rock_garden,
          basic_altar
Orc:1:    layout_caves, basic_altar, mines_bat_river
Orc:2:    grunt_orc_tribal_feast, layout_diamond_mine
Elf:1:    eino_elf_arrival_altar, layout_loops_cross,
          nicolae_trove_entry_free_sample, minivault_28, uniq_azrael
Elf:2:    elven_hall_of_blades_hangedman_original [mumra_blade_entry_dagger],
          layout_geoelf_diagonals, uniq_agnes
Elf:3:    minmay_elf_hall_four_x, layout_gridlike, serial_shops, shop,
          st_stairs_6, minmay_shoptagon, uniq_nikola
Vaults:1: portal_desolation_entry_nicolae_slug, hangedman_vaults_stagger,
          nicolae_vaults_closet_pinwheel_6, nicolae_vaults_tetromino_Z_1,
          vaults_room_boxed, ontoclasm_vaults_ring_large,
          nicolae_vaults_mini_display_case, v_misc_14, v_misc_3,
          nicolae_vaults_variable_pillar_hall,
          serial_library_hellmonk_semicircle, vaults_dpeg_diagonal,
          layout_vaults_omnicross
Vaults:2: nicolae_vaults_little_guard_posts, nicolae_vaults_sesquioval_fish,
          nicolae_vaults_rhombus_6, nicolae_vaults_trapezoid_2,
          nicolae_vaults_oval_intersection, v_misc_11,
          nicolae_vaults_tetromino_T_1, nicolae_vaults_little_squares_6,
          layout_vaults_quadrants
Vaults:3: nicolae_vaults_storage_room_doors, ontoclasm_vaults_fault,
          nicolae_vaults_border_crossing, nicolae_vaults_little_squares_2,
          minmay_crypt_entry_simple_round, nicolae_vaults_diagonal_hallway_6,
          nicolae_vaults_layer_cake_slice, nicolae_vaults_frosty_reception,
          nicolae_vaults_closet_pinwheel_4, st_lattice,
          nicolae_vaults_layer_cake_slice, layout_vaults_chaotic_city,
          serial_shops, nicolae_shop_industrial_runoff
Vaults:4: nicolae_vaults_oval_intersection, grunt_vaults_trifunnel, v_misc_11,
          hangedman_vaults_locks, st_spiral_rooms, nicolae_vaults_wine_cellar,
          nicolae_vaults_closet_pinwheel_5, grunt_vaults_twisty, v_misc_24,
          v_misc_23, v_misc_13, nicolae_vaults_tetromino_Z_2,
          vaults_room_hallway, nicolae_vaults_oval_intersection,
          nicolae_vaults_diagonal_hallway_8, nicolae_vaults_tetromino_Z_2,
          layout_vaults_omnibox, serial_shops, bzr_entry_gold
Vaults:5: serial_shops
Depths:1: gold_lair_mu, layout_cave_pools, abyss_entry,
          nicolae_hepliaklqana_hippocampus, hell_entry, special_room
          [special_room_mythical_zoo], nicolae_danse_macabre
Depths:2: evilmike_diamond_2, layout_gridville, enter_ziggurat_e,
          nicolae_two_hexagons, grunt_pan_entry_spiral, hell_entry,
          serial_shops, shop, elyvilon_altar_5, infiniplex_staircase_river
Depths:3: minmay_octagon_city, layout_gridlike, serial_shops, bzr_entry_road,
          chequers_serial_rivers_micro_e, abyss_entry_crystal, hell_entry,
          minmay_staircase_windowed_small, uniq_jory, uniq_grunn, uniq_mara
Depths:4: grunt_zot_entry_pinwheel, layout_cave_pools, mu_enter_wizlab_4,
          hell_entry, nicolae_kikubaaqudgha_miasma_corner
Zot:1:    layout_gridlike, gammafunk_ghost_ooze
Zot:2:    layout_misc_corridors
Zot:3:    layout_concentric_octagons
Zot:4:    layout_cathedral_of_symmetry, regret_index_zotdec_plus,
          hangedman_spider_trapstep, grunt_megastairs_1, lemuel_elevator
Zot:5:    layout_cellular_growth, nicolae_tricolors

Skill      XL: |  1  2  3  4  5  6  7  8  9 10 11 12 13 14 15 16 17 18 19 20 21 22 23 24 25 26 27 |
---------------+----------------------------------------------------------------------------------+-----
Unarmed Combat | 2 3 4 5 7 9 10 12 14 15 16 18 19 20 22 23 24 | 24.1
Fighting       | 3 4 5 6 8 9 10 12 13 15 17 18 20 21 22 | 22.5
Shields        | 4 6 12 15 17 19 21 23 | 23.7
Armour         | 7 10 13 15 17 19 21 25 | 25.0

Action                     |  1- 3 |  4- 6 |  7- 9 | 10-12 | 13-15 | 16-18 | 19-21 | 22-24 | 25-27 || total
---------------------------+-------+-------+-------+-------+-------+-------+-------+-------+-------++-------
  Melee: Unarmed           |    93 |   176 |   449 |   680 |  1098 |  1282 |   772 |   960 |   982 ||  6492
         Tailslap          |    11 |    25 |    66 |   114 |   180 |   239 |   182 |   278 |   261 ||  1356
  Throw: Dart              |       |     2 |    23 |    28 |     7 |       |       |       |       ||    60
         Throwing net      |       |       |       |     5 |       |       |       |       |       ||     5
 Invoke: Call Merchant     |       |       |       |       |     3 |     1 |     1 |       |       ||     5
         Potion Petition   |       |       |       |       |     1 |     1 |       |       |       ||     2
         Bribe Branch      |       |       |       |       |       |       |     1 |     1 |     2 ||     4
  Evoke: Wand              |       |       |       |    12 |     8 |    11 |       |       |    17 ||    48
         Lightning rod     |       |       |       |       |       |     4 |       |       |     4 ||     8
         Phantom mirror    |       |       |       |       |       |       |       |       |     2 ||     2
         Condenser vane    |       |       |       |       |       |       |       |       |     1 ||     1
    Use: Scroll            |       |     6 |     5 |    16 |    21 |    16 |     2 |     7 |    19 ||    92
         Potion            |       |     4 |     1 |     6 |     7 |     8 |     2 |     2 |    20 ||    50
   Stab: Invisible         |       |     1 |       |       |       |       |       |       |       ||     1
         Held in net/web   |       |       |       |     1 |       |       |       |       |       ||     1
         Distracted        |       |       |       |     1 |     4 |     9 |     5 |     9 |     5 ||    33
         Confused          |       |       |       |       |       |     2 |       |       |       ||     2
 Armour: Scale mail        |    50 |    98 |       |       |       |       |       |       |       ||   148
         Acid dragon scale |       |    45 |   310 |    72 |       |       |       |       |       ||   427
         Ring mail         |       |       |       |   158 |       |       |       |       |       ||   158
         Plate armour      |       |       |       |   235 |  1027 |   941 |   573 |   704 |   696 ||  4176
         Skin              |       |       |       |       |     9 |       |       |       |       ||     9
  Dodge: Dodged            |    25 |    58 |   122 |   112 |   152 |    91 |    75 |    72 |    92 ||   799
  Block: Buckler           |     9 |    39 |    64 |    86 |   274 |   127 |       |       |       ||   599
         Tower shield      |       |       |       |       |       |   331 |       |       |       ||   331
         Kite shield       |       |       |       |       |       |   292 |   301 |   467 |   604 ||  1664
         Reflection        |       |       |       |       |       |    13 |    32 |    34 |     7 ||    86

Table legend: (Time is in decaauts)
 A = Elapsed time spent in this place.
 B = Non-inter-level travel time spent in this place.
 C = Inter-level travel time spent in this place.
 D = Time resting spent in this place.
 E = Time spent auto-exploring this place.
 F = Levels seen in this place.
 G = Mean time per level.
                   A        B        C        D        E       F      G
               +--------+--------+--------+--------+--------+-----+--------+
         Total |  56927 |  51525 |   5402 |   3770 |  37071 |  60 |  948.8 |
       Dungeon |  18378 |  16352 |   2026 |   1500 |  11705 |  15 | 1225.2 |
        Temple |     26 |      6 |     20 |      0 |      0 |   1 |   26.0 |
          Lair |   7387 |   6554 |    833 |      0 |   5655 |   5 | 1477.4 |
         Swamp |   3617 |   3478 |    139 |    130 |   2685 |   4 |  904.2 |
     Snake Pit |   6401 |   5923 |    478 |    361 |   4478 |   4 | 1600.2 |
  Orcish Mines |   2143 |   2035 |    108 |    517 |   1035 |   2 | 1071.5 |
   Elven Halls |   2852 |   2636 |    216 |    175 |   1826 |   3 |  950.7 |
        Vaults |   7475 |   7058 |    417 |      0 |   5742 |   5 | 1495.0 |
        Depths |   3266 |   2774 |    492 |    233 |   1764 |   4 |  816.5 |
           Zot |   2718 |   2049 |    669 |    380 |    966 |   5 |  543.6 |
      Ziggurat |    308 |    308 |      0 |     56 |     92 |   5 |   61.6 |
        Bazaar |    233 |    233 |      0 |      0 |    163 |   3 |   77.7 |
       Ossuary |    407 |    407 |      0 |    188 |     30 |   1 |  407.0 |
       Volcano |    795 |    795 |      0 |    228 |    372 |   1 |  795.0 |
        Wizlab |      7 |      7 |      0 |      0 |      0 |   1 |    7.0 |
    Desolation |    906 |    906 |      0 |      0 |    553 |   1 |  906.0 |
               +--------+--------+--------+--------+--------+-----+--------+

Top non-repeatable levels by time:
 Snake:4: 2299 daAuts
  Lair:5: 2105 daAuts
    D:10: 1907 daAuts
Vaults:5: 1746 daAuts
    D:11: 1678 daAuts
 Snake:2: 1583 daAuts
  Lair:2: 1513 daAuts
  Lair:3: 1506 daAuts
Vaults:4: 1475 daAuts
Vaults:2: 1469 daAuts
Vaults:3: 1450 daAuts
 Snake:3: 1350 daAuts
Vaults:1: 1334 daAuts
    D:15: 1323 daAuts
    D:13: 1300 daAuts
